 Dungeon Crawl Stone Soup version 0.16.1-17-g773cdaf (webtiles) character file.

424 hannobal the Cudgeler (level 6, -5/62 HPs)
             Began as an Ogre Hunter on Apr 23, 2015.
             Was an Initiate of Fedhas.
             Slain by Menkaure (21 damage)
             ... on level 3 of the Dungeon.
             The game lasted 00:17:43 (3584 turns).

hannobal the Cudgeler (Ogre Hunter)                 Turns: 3584, Time: 00:17:44

Health: -5/62      AC:  6    Str: 18    XL:     6   Next: 96%
Magic:  7/7        EV: 10    Int: 12    God:    Fedhas [......]
Gold:   109        SH:  0    Dex: 10    Spells: 0 memorised, 5 levels left

rFire  + . .     SeeInvis .     x - -3 mace (curse)
rCold  . . .     Clarity  .     d - +1 animal skin
rNeg   . . .     SustAb   .     (shield restricted)
rPois  .         Gourm    .     (helmet restricted)
rElec  .         Spirit   .     (no cloak)
rCorr  .         Warding  .     (gloves unavailable)
rMut   .         Stasis   .     (boots unavailable)
MR     .....                    m - amulet of regeneration
Stlth  +.........               (no ring)
                                v - ring of protection from fire

@: not resistant to hostile enchantments, very unstealthy
A: unfitting armour, antennae 1, thin metallic scales 1, blink 1, tough skin 1
a: Blink, Renounce Religion


You were on level 3 of the Dungeon.
You worshipped Fedhas.
Fedhas was noncommittal.
You were not hungry.

You visited 1 branch of the dungeon, and saw 4 of its levels.

You collected 109 gold pieces.

Inventory:

Hand weapons
 a - a +0 club
 b - a +0 hunting sling
 e - a +0 short sword
 l - a +0 spear
 x - a cursed -3 mace (weapon)
 y - a +0 flail
Missiles
 c - 2 throwing nets
 g - 99 stones
 j - 8 large rocks (quivered)
 k - 4 arrows
 n - 39 sling bullets
 p - 21 bolts
 q - 18 poisoned needles
 u - 5 arrows of flame
Armour
 d - a +1 animal skin (worn)
Jewellery
 h - an uncursed amulet of stasis
 m - an amulet of regeneration (around neck)
 t - an uncursed ring of ice
 v - a ring of protection from fire (left hand)
Scrolls
 i - a scroll of fog
 r - a scroll of teleportation
 s - a scroll of enchant armour
Potions
 o - 3 potions of agility
Comestibles
 f - 2 meat rations


   Skills:
 + Level 4.1 Fighting
 - Level 7.4 Maces & Flails
 - Level 5.0 Throwing
 - Level 1.7 Dodging
 - Level 0.7 Stealth
 - Level 1.6 Invocations


You had 5 spell levels left.
You didn't know any spells.

Dungeon Overview and Level Annotations

Branches:
Dungeon (4/15)
 Temple: D:4-7

Altars:
Fedhas
Makhleb
Nemelex Xobeh
Sif Muna

Annotations:
D:3 Ladykiller69's ghost, average FoFi; Menkaure


Innate Abilities, Weirdness & Mutations

You are too large for most types of armour.
You have tough skin (AC +1).
You have a pair of small antennae on your head.
You are partially covered in thin metallic scales (AC +2).
You can translocate small distances at will.


Message History

The orc misses you.
You barely miss the orc.
The orc is heavily wounded.
The orc hits you but does no damage.
You hit the orc.
You kill the orc!
You hit Menkaure but do no damage.
Menkaure is heavily damaged.
Menkaure hits you.
You hit Menkaure but do no damage.
Menkaure is heavily damaged.
Menkaure hits you!!
* * * LOW HITPOINT WARNING * * *
You hit Menkaure.
Menkaure is severely damaged.
You hit Menkaure.
Menkaure is severely damaged.
Menkaure hits you!!
You die...
Fedhas appreciates your contribution to the ecosystem.

#># #.# #.#...##.#.# #.#
#.# #.#.####.#.# #.# #.#
#.#...#....# #####.###.#
#.###.#....# #.......#.#
#.....#....#
##.#....#.#########....#
#.......#......# #....#
#..#.#..#.####.#####+#.#
#......@#.# #.##.......
##.#.#M#### #.##...>..>
#.#.#....# #.##.......
#.#.####.# #.##.......
#.#.####.####.##.......
#.#.#.......#.##.......
#.#.#.#.###.#.#........
#.#.#.#.>...#.#......##
#...#.#######.#......#


You could see Menkaure.

Vanquished Creatures
  Grinder (D:3)
  2 hounds (D:3)
  8 adders
  2 worms
  4 giant geckos
  6 orcs (D:3)
  A giant cockroach (D:3)
  8 hobgoblins
  3 jackals (D:1)
  2 quokkas
  10 bats
  3 giant newts
  7 goblins
  8 kobolds
  6 rats
71 creatures vanquished.

Vanquished Creatures (others)
  11 toadstools (D:3)
11 creatures vanquished.

Grand Total: 82 creatures vanquished

Notes
Turn   | Place    | Note
--------------------------------------------------------------
     0 | D:1      | hannobal, the Ogre Hunter, began the quest for the Orb.
     0 | D:1      | Reached XP level 1. HP: 22/22 MP: 1/1
   290 | D:1      | Reached XP level 2. HP: 29/29 MP: 2/2
   291 | D:1      | Reached skill level 1 in Maces & Flails
   910 | D:2      | Reached XP level 3. HP: 36/36 MP: 3/3
   952 | D:2      | Gained mutation: You can translocate small distances at will. [potion of mutation]
   952 | D:2      | Gained mutation: You have a pair of small antennae on your head. [potion of mutation]
   952 | D:2      | Gained mutation: You are partially covered in thin metallic scales (AC +2). [potion of mutation]
  1353 | D:2      | Found a deep blue altar of Sif Muna.
  1691 | D:3      | Noticed Grinder
  1695 | D:3      | Killed Grinder
  1695 | D:3      | Reached skill level 7 in Maces & Flails
  1695 | D:3      | Reached XP level 4. HP: 40/44 MP: 4/4
  1695 | D:3      | Reached XP level 5. HP: 45/50 MP: 5/5
  1695 | D:3      | Reached XP level 6. HP: 53/59 MP: 6/6
  2301 | D:3      | Noticed Ladykiller69's ghost (average FoFi)
  2535 | D:3      | Found a burning altar of Makhleb.
  2535 | D:3      | Found a blossoming altar of Fedhas.
  2535 | D:3      | Found a sparkling altar of Nemelex Xobeh.
  2549 | D:3      | Became a worshipper of Fedhas Madash
  2933 | D:3      | Reached skill level 5 in Throwing
  3474 | D:3      | Reached skill level 1 in Invocations
  3562 | D:4      | Noticed Menkaure
  3584 | D:3      | Slain by Menkaure

Action                   |  1- 3 |  4- 6 || total
-------------------------+-------+-------++-------
Melee: Short sword       |    19 |       ||    19
       Club              |   157 |    62 ||   219
       Mace              |       |   142 ||   142
Throw: Large rock        |    17 |    18 ||    35
 Abil: Blink             |       |     3 ||     3
  Use: Potion            |     5 |     1 ||     6
       Scroll            |     6 |     2 ||     8
 Stab: Sleeping          |     1 |       ||     1
  Eat: Chunk             |     3 |     4 ||     7
       Bread ration      |       |     1 ||     1
